 Dungeon Crawl Stone Soup version 0.31-a0-83-gbff143cfd1 (webtiles) character file.

Game seed: 9187540616325840286

1 Esekla the Sneak (level 1, 10/16 HPs)
             Began as an Octopode Delver on May 24, 2023.
             Quit the game on level 5 of the Dungeon.
             The game lasted 00:01:00 (104 turns).

Esekla the Sneak (Octopode Delver)                   Turns: 104, Time: 00:01:01

Health: 10/16      AC:  1    Str: 11    XL:     1   Next: 20%
Magic:  1/1        EV: 13    Int: 12    God:
Gold:   0          SH:  0    Dex: 13    Spells: 0/0 levels left

rFire   . . .        a - +0 falchion
rCold   . . .        (no shield)
rNeg    . . .        (helmet restricted)
rPois   .            (no amulet)
rElec   .            (no ring)
rCorr   .            (no ring)
SInv    .            (no ring)
Will    .....        (no ring)
Stlth   ++++         (no ring)
HPRegen 0.22/turn    (no ring)
MPRegen 0.07/turn    (no ring)
                     (no ring)

%: no passive effects
@: hasted, very quick
A: almost no armour, amphibious, 8 rings, camouflage 1, gelatinous body 1,
(nimble swimmer 1), tentacles
a: no special abilities


You were on level 5 of the Dungeon.
You visited 1 branch of the dungeon, and saw 1 of its levels.

Inventory:

Hand Weapons
 a - a +0 falchion (weapon)
Wands
 f - a wand of digging (3)
Scrolls
 b - a scroll of fog
 d - a scroll of fear
 g - a scroll of teleportation {unknown}


   Skills:
 * Level 3.0 Fighting
 * Level 2.0 Long Blades
 * Level 2.0 Dodging
 + Level 6.6 Stealth


You couldn't memorise any spells.
You didn't know any spells.
Your spell library contained the following spells:

 Spells                   Type           Power      Damage    Failure   Level
 Cigotuvi's Dreadful Rot  Necr/Pois/Air  0%         N/A       45%         2
 Ignite Poison            Fire/Tmut/Pois 0%         N/A       69%         3
 Freezing Cloud           Conj/Ice/Air   0%         6-21      100%        5


Dungeon Overview and Level Annotations

Branches:
Dungeon (5/15)
 Temple: D:4-7

Altars:
Kikubaaqudgha
Wu Jian

Annotations:
D:5 1 transporter


Innate Abilities, Weirdness & Mutations

You cannot wear most types of armour.
You are amphibious.
You can wear up to eight rings at the same time.
Your skin changes colour to match your surroundings (Stealth+).
Your rubbery body absorbs attacks. (AC +1, EV +1)
((You are camouflaged when in or above water. (Stealth+)))
You have tentacles for arms and can constrict up to eight enemies at once.


Message History

HP restored.
Found a transporter. 2 hound zombies and a scorpion come into view.
An orc wizard comes into view. It is wielding a +0 dagger.
You see here 5 stones.
A centaur zombie comes into view.
A wyvern skeleton comes into view.
A bullfrog skeleton comes into view.
You feel yourself speed up.
A water moccasin zombie comes into view.
The hound zombie misses you. The hound zombie barely misses you.
A hound skeleton and an orc come into view.
The orc shouts!
The orc moves out of view.
An orc comes into view.
It is wielding a +0 falchion of protection.
A bullfrog zombie comes into view.
A hound skeleton comes into view.
The centaur zombie hits you. The centaur zombie misses you.
A scorpion zombie comes into view.
Found a ring mail.
An adder comes into view.
Found a mace.
The adder hisses angrily.
An orc wizard comes into view. It is wielding a +0 dagger.
Found a large runed translucent door.
You open the door. The adder bites you.
There is an open door here.
As you open the large door, it creaks loudly!
The adder bites you.
There is a large open translucent door here.
A black bear comes into view.
Found an ancient bone altar of Kikubaaqudgha.
Found a scroll labelled SAEMET KALUZXU.
An iguana comes into view.
Found an ornate altar of the Wu Jian Council.
The iguana hisses angrily.
The iguana barely misses you. The iguana completely misses you.
There is an ornate altar of the Wu Jian Council here.
Are you sure you want to abandon this character and quit the game? (Confirm with "yes".)

*..........#..#.###* ***,,,,
*.......ZZ........#* **,,,,,,
*#.......8####8...,* **,,,,,,,
*#......Z'Z...+...,* **,,,8,,,,
*...)....8#Z.#8...,***,,,,,,,,,
*......####''####.,**,,*,,,,***
*......#⌠h#.Z#.⌠#,,,,,******* *
*......#..#.Z#..#,,**** *
*.....,#._#..#@?#,,* *
*#....,#..#..#lS#,,* *
**,,,,*#....Z.##,,* *
**,*,,########,,,*
*,,,,,,,,,,,,,,,*
*********,,,,,,,* *********


You could see an iguana, an adder and a hound zombie.

Vanquished Creatures
  A quokka (D:5)
1 creature vanquished.

Notes
Turn   | Place    | Note
-------+----------+-------------------------------------------
     0 | D:5      | Esekla the Octopode Delver began the quest for the Orb.
     0 | D:5      | Reached XP level 1. HP: 16/16 MP: 1/1
     7 | D:5      | Noticed a phantom
    13 | D:5      | Noticed a kobold brigand
    52 | D:5      | Found a transporter.
    54 | D:5      | Noticed a scorpion
    55 | D:5      | Noticed an orc wizard
    70 | D:5      | Noticed a water moccasin zombie
    83 | D:5      | Noticed an orc wizard
    85 | D:5      | Found a large runed translucent door.
    85 | D:5      | Found a large runed translucent door.
    97 | D:5      | Found an ancient bone altar of Kikubaaqudgha.
    97 | D:5      | Noticed a black bear
   100 | D:5      | Found an ornate altar of the Wu Jian Council.
   100 | D:5      | Noticed an iguana
   104 | D:5      | Quit the game

Illustrated notes

Levels and vault maps discovered:
D:5:      layout_rooms, jmf_multi_god_temple2, gammafunk_ghost_abyssal_escape,
          serial_undead, serial_undead_a, serial_undead_a, serial_undead_c,
          serial_undead_c, serial_undead_c, serial_undead_e, serial_undead_a,
          serial_undead_a, uniq_grinder

Action                     || total
---------------------------++-------
  Melee: Falchion          ||     4
         Constrict         ||     1
         Tentacles         ||     1
    Use: Scroll            ||     1
         Potion            ||     1
  Dodge: Dodged            ||     7

Table legend: (Time is in decaauts)
 A = Elapsed time spent in this place.
 B = Non-inter-level travel time spent in this place.
 C = Inter-level travel time spent in this place.
 D = Time resting spent in this place.
 E = Time spent auto-exploring this place.
 F = Levels seen in this place.
 G = Mean time per level.
                   A        B        C        D        E       F      G
               +--------+--------+--------+--------+--------+-----+--------+
         Total |     93 |     93 |      0 |     23 |      0 |   1 |   93.0 |
       Dungeon |     93 |     93 |      0 |     23 |      0 |   1 |   93.0 |
               +--------+--------+--------+--------+--------+-----+--------+

Top non-repeatable levels by time:
     D:5: 93 daAuts
